 Dungeon Crawl Stone Soup version 0.18.1-48-g4cf74bf (console) character file.

2260 flutterlice the Destroyer (level 9, -11/51 HPs)
             Began as a High Elf Fire Elementalist on July 20, 2016.
             Was a Follower of Fedhas.
             Hit by a tomahawk thrown by an orc warrior (21 damage)
             ... on level 7 of the Dungeon.
             The game lasted 00:49:57 (9647 turns).

flutterlice the Destroyer (HEFE)                    Turns: 9647, Time: 00:49:58

Health: -11/51     AC:  2    Str:  7    XL:     9   Next: 15%
Magic:  4/19       EV: 13    Int: 22    God:    Fedhas [*.....]
Gold:   242        SH:  0    Dex: 17    Spells: 4 memorised, 9 levels left

rFire  . . .     SeeInvis .     j - staff of conjuration
rCold  + . .     Gourm    .     z - +0 robe {rN+}
rNeg   + . .     Faith    .     (no shield)
rPois  .         Spirit   .     (no helmet)
rElec  .         Dismiss  .     (no cloak)
rCorr  .         Reflect  .     (no gloves)
SustAt .         Harm     .     (no boots)
MR     .....                    (no amulet)
Stlth  ++........               (no ring)
                                q - ring of protection from cold

@: very slightly contaminated, not resistant to hostile enchantments, unstealthy
A: no striking features
a: Evolution, Renounce Religion


You were on level 7 of the Dungeon.
You worshipped Fedhas.
Fedhas was aware of your devotion.
You were not hungry.

You visited 1 branch of the dungeon, and saw 7 of its levels.

You collected 242 gold pieces.

Inventory:

Armour
 z - a +0 robe of positive energy (worn)
Magical Staves
 j - an uncursed staff of conjuration (weapon)
Jewellery
 q - a ring of protection from cold (left hand)
 A - an uncursed ring of positive energy {unknown}
Scrolls
 c - a scroll of remove curse
 f - 2 scrolls of random uselessness {unknown}
 k - 2 scrolls of identify
 l - a scroll of amnesia
 n - 2 scrolls of fear {unknown}
 v - a scroll of recharging {unknown}
 x - a scroll of blinking {unknown}
 y - a scroll of magic mapping
 B - a scroll of fog {unknown}
Potions
 d - a potion of resistance {unknown}
 e - 3 potions of might {unknown}
 h - 2 potions of cure mutation {unknown}
 i - a potion of agility {unknown}
 m - a potion of magic {unknown}
 o - 3 potions of flight {unknown}
 p - a potion of berserk rage {unknown}
 r - 2 potions of heal wounds
 s - 2 potions of lignification {unknown}
 t - 2 potions of haste
Books
 a - a book of Spatial Translocations

   Spells                             Type                      Level
   a - Apportation                    Translocation                1
   b - Blink                          Translocation                2
   c - Shroud of Golubria             Charms/Translocation         2
   d - Portal Projectile              Translocation                3
   e - Teleport Other                 Translocation                3
   f - Passage of Golubria            Translocation                4
 b - a book of Flames

   Spells                             Type                      Level
   a - Flame Tongue                   Conjuration/Fire             1
   b - Throw Flame                    Conjuration/Fire             2
   c - Conjure Flame                  Conjuration/Fire             3
   d - Inner Flame                    Hexes/Fire                   3
   e - Sticky Flame                   Conjuration/Fire             4
   f - Fireball                       Conjuration/Fire             5
Comestibles
 g - 7 fruits
 w - a meat ration


   Skills:
 + Level 3.1 Dodging
 + Level 2.9 Stealth
 + Level 6.4 Spellcasting
 * Level 8.2 Conjurations
 * Level 8.1 Fire Magic


You had 9 spell levels left.
You knew the following spells:

 Your Spells              Type           Power        Failure   Level  Hunger
a - Flame Tongue          Conj/Fire      #####        1%          1    None
b - Throw Flame           Conj/Fire      ######       1%          2    None
c - Conjure Flame         Conj/Fire      ######..     1%          3    #......
d - Fireball              Conj/Fire      ######....   12%         5    #####..


Dungeon Overview and Level Annotations

Branches:
Dungeon (7/15)             Temple (0/1) D:6

Altars:
Ashenzari
Fedhas
Xom


Message History

Confirm with . or Enter, or press ? or * to list all spells.
Aiming: Throw Flame
Press: ? - help, Shift-Dir - straight line, f - orc warrior
Aim: an orc warrior, wielding a trident and wearing a plate armour You feel a surge of power!
The puff of flame hits the orc warrior.
The orc warrior is moderately wounded.
The orc warrior throws a tomahawk.
The tomahawk hits you but does no damage.
Casting: Throw Flame
Confirm with . or Enter, or press ? or * to list all spells.
Aiming: Throw Flame
Press: ? - help, Shift-Dir - straight line, f/p - orc warrior
Aim: an orc warrior, wielding a trident and wearing a plate armour (moderately wounded)
You feel a surge of power!
The puff of flame hits the orc warrior.
The orc warrior is moderately wounded.
The orc warrior throws a tomahawk.
The tomahawk hits you!
* * * LOW HITPOINT WARNING * * *
The orc warrior throws a tomahawk.
The tomahawk hits you!!
You die...
Fedhas appreciates your contribution to the ecosystem.

##.............##### #.##
#........o...#.....####.##
...........#.#.###.......#
##........##....###......#
....o...#######..........#
.##.#.### ####.........# #
# #####....###.).).#
##.....#### #......
#.@##### #....[< #(##
#...... ......).# #######
......### ...... .....
..o.. ..). ....


You could see an orc warrior.

Vanquished Creatures
  Sigmund (D:6)
  Eustachio (D:6)
  Menkaure (D:6)
  2 orc warriors
  A phantom (D:7)
  A necrophage (D:5)
  3 ogres
  The ghost of lafkat the Ducker, an amateur MfIE (D:3)
  2 centaurs
  A giant frog (D:7)
  Blork the orc (D:4)
  2 scorpions (D:5)
  A howler monkey (D:4)
  A centaur zombie (D:4)
  2 hounds
  A giant frog skeleton (D:7)
  2 orc priests
  4 orc wizards
  5 worker ants
  An iguana (D:5)
  A worker ant zombie (D:5)
  11 adders
  2 oozes
  2 adder skeletons
  4 worms
  3 dart slugs
  4 giant geckos
  25 orcs
  2 ball pythons
  10 bats
  3 giant cockroaches
  8 goblins
  9 hobgoblins
  12 jackals
  2 quokkas
  3 giant newts (D:1)
  9 kobolds
  9 rats
153 creatures vanquished.

Notes
Turn   | Place    | Note
--------------------------------------------------------------
     0 | D:1      | flutterlice the High Elf Fire Elementalist began the quest for the Orb.
     0 | D:1      | Reached XP level 1. HP: 11/11 MP: 4/4
   231 | D:1      | Reached XP level 2. HP: 17/17 MP: 3/6
   235 | D:1      | Learned a level 2 spell: Throw Flame
  1336 | D:2      | Found a faded altar to an unknown god.
  1432 | D:2      | Reached XP level 3. HP: 21/21 MP: 2/8
  1919 | D:2      | Learned a level 3 spell: Conjure Flame
  2137 | D:3      | Noticed lafkat's ghost (amateur MfIE)
  2671 | D:2      | Reached XP level 4. HP: 23/27 MP: 0/9
  2933 | D:2      | Became a worshipper of Fedhas Madash
  2933 | D:2      | Reached * piety under Fedhas
  4064 | D:3      | Killed lafkat's ghost
  4064 | D:3      | Reached XP level 5. HP: 18/31 MP: 2/11
  5048 | D:4      | Reached XP level 6. HP: 36/36 MP: 7/12
  5099 | D:4      | Reached skill level 5 in Fire Magic
  5135 | D:4      | HP: 1/36 [orc priest/divine providence (12)]
  5483 | D:4      | Noticed Blork the orc
  5491 | D:4      | Killed Blork the orc
  5695 | D:4      | Reached XP level 7. HP: 41/41 MP: 3/14
  6347 | D:4      | Reached skill level 5 in Conjurations
  6799 | D:5      | Entered Level 5 of the Dungeon
  6890 | D:5      | Learned a level 5 spell: Fireball
  7614 | D:5      | Reached skill level 5 in Spellcasting
  7614 | D:5      | Reached XP level 8. HP: 46/46 MP: 3/16
  7997 | D:6      | Noticed Eustachio
  8002 | D:6      | Killed Eustachio
  8081 | D:6      | Noticed Sigmund
  8287 | D:6      | Killed Sigmund
  8417 | D:6      | Found a staircase to the Ecumenical Temple.
  9001 | D:6      | Noticed Menkaure
  9008 | D:6      | Killed Menkaure
  9109 | D:6      | Found a blossoming altar of Fedhas.
  9119 | D:6      | Found a shimmering altar of Xom.
  9208 | D:7      | Reached XP level 9. HP: 46/51 MP: 8/19
  9281 | D:7      | Found a shattered altar of Ashenzari.
  9647 | D:7      | Hit by a tomahawk thrown by an orc warrior

Skill      XL: |  1  2  3  4  5  6  7  8  9 |
---------------+----------------------------+-----
Conjurations   | 2 3 4 5 7 8 |  8.2
Spellcasting   | 3 4 5 6 |  6.4
Fire Magic     | 4 5 6 7 8 |  8.1
Dodging        | 3 |  3.1
Stealth        | |  2.9

Action                   |  1- 3 |  4- 6 |  7- 9 || total
-------------------------+-------+-------+-------++-------
Melee: Unarmed           |    16 |       |       ||    16
       Staff             |       |     2 |       ||     2
 Cast: Flame Tongue      |    47 |    79 |    74 ||   200
       Throw Flame       |    50 |    51 |   113 ||   214
       Conjure Flame     |       |     2 |     3 ||     5
       Fireball          |       |       |     1 ||     1
  Use: Scroll            |     7 |     3 |       ||    10
       Potion            |     3 |     2 |     1 ||     6
 Stab: Invisible         |     2 |       |       ||     2
  Eat: Bread ration      |     1 |     2 |     1 ||     4
       Chunk             |     1 |       |     3 ||     4
       Royal jelly       |     1 |       |       ||     1
       Fruit             |       |     1 |       ||     1
       Pizza             |       |     1 |       ||     1
       Meat ration       |       |       |     2 ||     2
Armor: Robe              |    12 |     7 |     2 ||    21
Dodge: Dodged            |    48 |    36 |    19 ||   103
